 Dungeon Crawl Stone Soup version 0.27-a0-765-ge4d627daa3 (webtiles) character file.

Game seed: 5010276943340214569

100681 spiderkeys the Impaler (level 15, -14/211 HPs)
             Began as a Minotaur Berserker on Mar 25, 2021.
             Was the Champion of Trog.
             Demolished by an orc knight
             ... wielding a +0 dire flail
              (26 damage)
             ... on level 1 of the Orcish Mines.
             The game lasted 00:33:19 (24274 turns).

spiderkeys the Impaler (Minotaur Berserker)        Turns: 24274, Time: 00:33:19

Health: -14/211    AC: 27    Str: 36    XL:     15   Next: 81%
Magic:  14/14      EV: 32    Int:  6    God:    Trog [******]
Gold:   2557       SH:  0    Dex: 16    Spells: 14/14 levels left

rFire    + . .     SeeInvis .   a - +9 trident "Efetian" {venom, Dex+4}
rCold    + . .     Faith    .   H - +0 kite shield
rNeg     + . .     Spirit   .   E - +0 plate armour
rPois    +         Reflect  .   (helmet restricted)
rElec    .         Harm     .   y - +2 cloak
rCorr    .         Rampage  .   T - +2 pair of gloves of the Trees {rC- Regen+ Str+4}
Will     +....                  j - +2 pair of boots {Fly}
Stlth    ..........             m - amulet of the acrobat
HPRegen  1.45/turn              f - ring of Coabo {rF+ EV+4 Str+2 Int+2}
MPRegen  0.14/turn              q - ring of the Locust {rPois rC++ rN+ Str+4}

@: confused, berserking (expiring), acrobatic, flying, studying Polearms, very
quick
A: horns 2, retaliatory headbutt
a: Stop Flying, Renounce Religion, Berserk, Trog's Hand, Brothers in Arms


You were on level 1 of the Orcish Mines.
You worshipped Trog.
Trog was exalted by your worship.
You visited 4 branches of the dungeon, and saw 22 of its levels.
You also visited: Gauntlet and Ice Cave.

You collected 2557 gold pieces.

Inventory:

Hand Weapons
 a - the +9 trident "Efetian" (weapon) {venom, Dex+4}
   (You found it on level 2 of the Lair of Beasts)

   It poisons the flesh of those it strikes.
   It affects your dexterity (+4).
 b - a +4 spectral trident
 L - the +8 spear of Division {flame, rC++ Str+6 SInv}
   (You took it off a spriggan rider on level 12 of the Dungeon)

   It has been specially enchanted to burn those struck by it, causing extra
   injury to most foes and up to half again as much damage against particularly
   susceptible opponents.
   It affects your strength (+6).
   It greatly protects you from cold.
   It lets you see invisible.
 S - a +2 demon trident of freezing
 U - the +7 great mace "Firestarter" {inner flame, rF++}
   (You found it in a Gauntlet)

   It has been specially enchanted to burn those struck by it, causing extra
   injury to most foes and up to half again as much damage against particularly
   susceptible opponents.
   It greatly protects you from fire.
Missiles
 z - 4 throwing nets
 V - 23 silver javelins
Armour
 j - a +2 pair of boots of flying (worn)
 y - a +2 cloak (worn)
 E - a +0 plate armour (worn)
 H - a +0 kite shield (worn)
 T - the +2 pair of gloves of the Trees (worn) {rC- Regen+ Str+4}
   (You found it in a Gauntlet)

   It affects your strength (+4).
   It makes you vulnerable to cold.
   It increases your rate of regeneration.
Jewellery
 f - the ring of Coabo (right hand) {rF+ EV+4 Str+2 Int+2}
   (You acquired it on level 4 of the Lair of Beasts)

   [ring of evasion]

   It affects your evasion (+4).
   It affects your strength (+2).
   It affects your intelligence (+2).
   It protects you from fire.
 m - an amulet of the acrobat (around neck)
 n - a +4 ring of evasion
 q - the ring of the Locust (left hand) {rPois rC++ rN+ Str+4}
   (You acquired it on level 3 of the Dungeon)

   [ring of poison resistance]

   It affects your strength (+4).
   It greatly protects you from cold.
   It protects you from poison.
   It protects you from negative energy.
 D - a +4 ring of protection
 K - a ring of resist corrosion
 N - a ring of positive energy
 W - a ring of protection from fire
 Z - a ring of ice
Wands
 x - a wand of charming (7)
 A - a wand of iceblast (46)
 B - a wand of mindburst (8)
 F - a wand of paralysis (18)
 G - a wand of digging (6)
 O - a wand of random effects (15)
 X - a wand of polymorph (14)
Scrolls
 c - 5 scrolls of fear
 g - 5 scrolls of identify
 k - 8 scrolls of teleportation
 t - 6 scrolls of fog
 v - 3 scrolls of holy word
 w - 2 scrolls of silence
 C - 4 scrolls of enchant armour
 J - a scroll of blinking
 Q - 4 scrolls of magic mapping
Potions
 d - 2 potions of invisibility
 e - 7 potions of lignification
 h - 5 potions of mutation
 i - a potion of cancellation {unknown}
 l - 3 potions of ambrosia
 o - 3 potions of magic
 s - 6 potions of curing
 I - 4 potions of heal wounds
 R - 3 potions of haste
Miscellaneous
 Y - a lightning rod (4/4)


   Skills:
 + Level 15.2 Fighting
 - Level 20.1 Polearms
 + Level 15.0 Armour
 + Level 8.8 Dodging
 + Level 12.4 Shields


You had 14 spell levels left.
You didn't know any spells.
Your spell library contained the following spells:

 Spells                   Type           Power      Damage    Failure   Level
 Apportation              Tloc           0%         N/A       96%         1
 Beastly Appendage        Tmut           0%         N/A       96%         1
 Freeze                   Ice            0%         1d3       96%         1
 Magic Dart               Conj           0%         1d3       96%         1
 Blink                    Tloc           N/A        N/A       99%         2
 Call Imp                 Summ           0%         N/A       99%         2
 Searing Ray              Conj           0%         3d3       99%         2
 Slow                     Hex            0%         N/A       99%         2
 Wereblood                Tmut           0%         N/A       99%         2
 Conjure Flame            Conj/Fire      0%         6-21      100%        3
 Dazzling Flash           Conj/Hex       0%         N/A       100%        3
 Frozen Ramparts          Ice            0%         1d2       100%        3
 Lesser Beckoning         Tloc           0%         N/A       100%        3
 Mephitic Cloud           Conj/Pois/Air  0%         N/A       100%        3
 Ozocubu's Armour         Ice            0%         N/A       100%        3
 Spider Form              Tmut/Pois      0%         N/A       100%        3
 Tukima's Dance           Hex            0%         N/A       100%        3
 Fulminant Prism          Conj/Hex       0%         3d6       100%        4
 Hailstorm                Conj/Ice       0%         3d3       100%        4
 Ice Form                 Ice/Tmut       0%         N/A       100%        4
 Iskenderun's Mystic Bla  Conj/Tloc      0%         2d3       100%        4
 Summon Ice Beast         Ice/Summ       0%         N/A       100%        4
 Alistair's Intoxication  Tmut/Pois      0%         N/A       100%        5
 Blade Hands              Tmut           0%         N/A       100%        5
 Metabolic Englaciation   Hex/Ice        0%         N/A       100%        5
 Summon Forest            Summ/Tloc      0%         N/A       100%        5
 Summon Mana Viper        Hex/Summ       0%         N/A       100%        5
 Freezing Cloud           Conj/Ice/Air   0%         6-21      100%        6
 Invisibility             Hex            0%         N/A       100%        6
 Shadow Creatures         Summ           N/A        N/A       100%        6
 Simulacrum               Ice/Necr       0%         N/A       100%        6
 Ozocubu's Refrigeration  Ice            0%         4d5       100%        7
 Summon Hydra             Summ           0%         N/A       100%        7


Dungeon Overview and Level Annotations

Branches:
Dungeon (13/15)            Temple (0/1) D:5            Lair (6/6) D:8
  Swamp (0/4) Lair:2        Snake (0/4) Lair:4        Slime (1/5) Lair:5
    Orc (2/2) D:10          IceCv (visited)         Gauntlet (visited)
    Elf: Orc:2       Vaults: D:13-14

Altars:
Fedhas
Gozag
Hepliaklqana
Okawaru
Ru
Sif Muna
Vehumet
Yredelemnul
Zin
The Shining One
Jiyva

Shops:
Orc:2 *


Innate Abilities, Weirdness & Mutations

You have a pair of horns on your head.
You reflexively headbutt those who attack you in melee.


Message History

You puncture the orc warlord!
The orc warlord is lightly wounded.
The orc knight barely misses you.
You impale the orc warlord!! You headbutt the orc warlord!!
The orc warlord is heavily wounded.
You block the orc warlord's attack. Something hits you but does no damage.
You hit the orc warlord but do no damage.
The orc warlord is poisoned.
The orc warlord is heavily wounded.
You impale the orc warlord!!
You headbutt the orc warlord, but do no damage.
The orc warlord is severely wounded.
The orc knight hits you with a +0 dire flail!
You block the orc warlord's attack.
You puncture the orc warlord!
The orc warlord looks as sick as possible!
You headbutt the orc warlord.
The orc warlord is almost dead.
You hear some strange, mumbled words.
You are confused.
The orc knight misses you.
You puncture something! You headbutt something. Trog accepts your kill.
Something appears at your feet!
You see here a +4 halberd.
Trog grants you a weapon!
Trog appreciates your killing of a magic user.
Reactivating autopickup.
You feel a bit more experienced. The orc knight barely misses you.
The orc warlord hits you with a +4 great mace of protection!!!
* * * LOW HITPOINT WARNING * * *
Items here: ))) [ ††.
You impale the orc warlord!!
You kill the orc warlord!
Trog accepts your kill.
The orc knight hits you with a +0 dire flail!!
* * * LOW HITPOINT WARNING * * *
You're too confused to move!
You feel a strong urge to attack something.
The orc knight hits you with a +0 dire flail!!
You die...

#..###....##..#.........#...#
....#................#.#...## ###
...#.#.#......#....####.....###.#
.............##.....###.....#....
.#.#..................#..#.......
....#...#.....................##.
..............................###
##.............))o..............#
#.......#.......@)...............
......##.........)...............
....####....................##...
#.### #...............#.#.####.#
#.## ##.#....<..........## ###
...# ###....)....#....#.## # #.##
#.......#.###......# # ###
##.#.......##...#.##
####...#.####...##


You could see an orc knight (strong).

Vanquished Creatures
  Rupert (Lair:3)
  An orc warlord (Orc:1)
  A balrug (Gauntlet)
  A very ugly thing (D:9)
  The ghost of Iguulo the Warrior, a journeyman MiCj of Sif Muna (Lair:5)
  Azrael (D:12)
  A minotaur (Gauntlet)
  The ghost of rageheart7 the Fighter, a journeyman OgWn of Vehumet (D:12)
  Fannar (Lair:3)
  Harold (D:8)
  2 boulder beetles
  An ogre mage (D:13)
  12 hydras
  Erica (D:9)
  2 centaur warriors (D:13)
  5 catoblepae
  6 death yaks (Lair:6)
  2 death scarabs (Gauntlet)
  3 tengu warriors (D:13)
  8 two-headed ogres
  The ghost of yaksman the Cleaver, a novice GrFi of Okawaru (D:9)
  A spectral death yak (Gauntlet)
  A lindwurm (Lair:6)
  An orc knight (Orc:1)
  Pikel (D:7)
  A deep elf pyromancer (D:12)
  A necromancer (IceCv)
  2 manticores (Lair:6)
  4 cyclopes
  2 ugly things
  13 elephants
  Joseph (D:8)
  6 black mambas
  An ice statue (IceCv)
  3 gargoyles
  15 cane toads
  An unseen horror (D:11)
  Psyche (D:8)
  2 rime drakes
  18 komodo dragons
  2 kobold demonologists (D:12)
  10 freezing wraiths (IceCv)
  A tengu conjurer (D:13)
  3 hornets
  4 polar bears
  2 trolls
  A wolf spider simulacrum (IceCv)
  28 blink frogs
  4 slime creatures (D:13)
  2 spriggans (D:12)
  6 wyverns
  70 yaks
  2 vampires
  A shadow (D:10)
  3 wraiths
  5 basilisks
  10 vampire mosquitoes
  2 fire elementals (D:12)
  A spectral fire crab (Gauntlet)
  A steam dragon (D:9)
  A warg (Orc:1)
  2 nagas (Lair:4)
  An acid dragon (D:10)
  10 water moccasins
  3 hell hounds
  12 orc warriors
  17 ice beasts
  8 ogres
  3 black bears
  2 sky beasts (D:6)
  An alligator simulacrum (IceCv)
  12 wolves
  10 centaurs
  3 necrophages
  A phantom (D:6)
  A lemure (D:7)
  2 gnoll sergeants
  A kobold brigand (D:10)
  12 bullfrogs
  5 earth elementals (D:13)
  3 scorpions
  2 elephant simulacra (IceCv)
  21 killer bees
  4 wights (D:9)
  2 howler monkeys (D:10)
  8 electric eels
  7 centaur zombies
  8 draconian simulacra (IceCv)
  4 hounds
  A jelly (D:6)
  8 orc priests
  Crazy Yiuf (D:7)
  Terence (D:2)
  19 orc wizards
  An iguana (D:7)
  7 hell rats (Lair:5)
  6 troll simulacra (IceCv)
  3 killer bee zombies (D:8)
  4 centaur simulacra (IceCv)
  4 howler monkey zombies
  13 gnolls
  6 adders
  A naga simulacrum (IceCv)
  An ogre simulacrum (IceCv)
  A shadow imp (D:5)
  12 white imps (IceCv)
  An ufetubus (D:5)
  2 adder zombies (D:3)
  3 adder skeletons (D:3)
  A worm (D:3)
  6 dart slugs
  67 orcs
  5 ball pythons
  3 bats
  5 endoplasms
  2 giant cockroaches
  9 hobgoblins
  9 jackals
  8 kobolds
  6 quokkas
  3 frilled lizards
  19 goblins
  A jackal skeleton (D:3)
  A quokka skeleton (D:4)
  5 rats
697 creatures vanquished.

Vanquished Creatures (others)
  5 demonic plants (Gauntlet)
  29 fungi
  34 plants
  27 withered plants (Gauntlet)
95 creatures vanquished.

Grand Total: 792 creatures vanquished

Notes
Turn   | Place    | Note
-------+----------+-------------------------------------------
     0 | D:1      | spiderkeys the Minotaur Berserker began the quest for the
                  | Orb.
     0 | D:1      | Reached XP level 1. HP: 19/19 MP: 0/0
   263 | D:1      | Reached XP level 2. HP: 27/27 MP: 1/1
   305 | D:1      | Reached skill level 4 in Polearms
   891 | D:1      | Reached XP level 3. HP: 22/33 MP: 2/2
  1406 | D:2      | Noticed Terence
  1413 | D:2      | Killed Terence
  1414 | D:2      | Reached XP level 4. HP: 40/40 MP: 3/3
  1836 | D:2      | Reached ** piety under Trog
  2021 | D:3      | Reached skill level 5 in Polearms
  2305 | D:3      | Reached XP level 5. HP: 47/47 MP: 4/4
  2949 | D:3      | Identified 3 scrolls of acquirement
  2949 | D:3      | Acquired a +2 pair of gloves of stealth
  2951 | D:3      | Acquired the ring of the Locust {rPois rC++ rN+ Str+4}
  2952 | D:3      | Acquired a +1 pair of boots of flying
  2986 | D:4      | Reached *** piety under Trog
  3315 | D:4      | Reached XP level 6. HP: 55/55 MP: 5/5
  3595 | D:5      | Entered Level 5 of the Dungeon
  3623 | D:5      | Reached skill level 5 in Fighting
  3623 | D:5      | Reached skill level 6 in Polearms
  4012 | D:5      | Noticed an ice beast
  4036 | D:5      | Killed an ice beast
  4050 | D:5      | Reached XP level 7. HP: 59/61 MP: 6/6
  4573 | D:5      | Found a sacrificial altar of Ru.
  4589 | D:5      | Reached skill level 7 in Polearms
  4797 | D:5      | Reached skill level 5 in Armour
  4998 | D:5      | Noticed a yak
  5000 | D:5      | Noticed a yak
  5002 | D:5      | Noticed a yak
  5002 | D:5      | Noticed a yak
  5002 | D:5      | Noticed a yak
  5003 | D:5      | Noticed a yak
  5010 | D:5      | Killed a yak
  5028 | D:5      | Killed a yak
  5029 | D:5      | Reached skill level 8 in Polearms
  5029 | D:5      | Reached skill level 5 in Dodging
  5029 | D:5      | Reached XP level 8. HP: 58/70 MP: 7/7
  5046 | D:5      | Reached **** piety under Trog
  5047 | D:5      | Reached skill level 9 in Polearms
  5330 | D:5      | Found a staircase to the Ecumenical Temple.
  5751 | D:6      | Reached XP level 9. HP: 66/79 MP: 8/8
  5914 | D:6      | Identified the +3 leather armour of Kosoc {rElec rN++}
  6164 | D:6      | Reached skill level 10 in Polearms
  6246 | D:6      | Found a glowing golden altar of the Shining One.
  6554 | D:7      | Found a shimmering blue altar of Sif Muna.
  6554 | D:7      | Found an iron altar of Okawaru.
  6554 | D:7      | Found a radiant altar of Vehumet.
  6587 | D:7      | Found a hazy altar of Hepliaklqana.
  7039 | D:7      | Noticed Pikel
  7048 | D:7      | Killed Pikel
  7049 | D:7      | Reached skill level 11 in Polearms
  7130 | D:7      | Found a glowing silver altar of Zin.
  7181 | D:7      | Found a runed translucent door.
  7182 | D:7      | Noticed Crazy Yiuf
  7309 | D:7      | Killed Crazy Yiuf
  7688 | D:8      | Noticed Psyche
  7690 | D:8      | Noticed Harold
  7694 | D:8      | Killed Psyche
  7702 | D:8      | Killed Harold
  7703 | D:8      | Reached XP level 10. HP: 89/90 MP: 9/9
  7901 | D:8      | Noticed Joseph
  7916 | D:8      | Killed Joseph
  7919 | D:8      | Reached skill level 12 in Polearms
  8102 | D:8      | Found a basalt altar of Yredelemnul.
  8444 | D:8      | Found a staircase to the Lair.
  8824 | D:9      | Noticed Erica
  8836 | D:9      | Killed Erica
  9028 | D:9      | Found a runed translucent gate.
  9029 | D:9      | Found a runed translucent gate.
  9056 | D:9      | Found a runed translucent gate.
  9095 | D:9      | Found an opulent altar of Gozag.
  9095 | D:9      | Noticed an eight-headed hydra
  9095 | D:9      | Noticed yaksman's ghost (novice GrFi)
  9096 | D:9      | Noticed a gargoyle
  9096 | D:9      | Noticed a white very ugly thing
  9113 | D:9      | Reached ***** piety under Trog
  9143 | D:9      | Noticed a two-headed ogre
  9150 | D:9      | Killed a two-headed ogre
  9315 | D:9      | Reached XP level 11. HP: 92/99 MP: 10/10
  9705 | D:9      | Killed a white very ugly thing
  9706 | D:9      | Reached skill level 10 in Fighting
  9706 | D:9      | Reached skill level 13 in Polearms
  9706 | D:9      | Reached skill level 1 in Shields
  9708 | D:9      | Killed an eight-headed hydra
  9712 | D:9      | Killed yaksman's ghost
  9929 | D:10     | Entered Level 10 of the Dungeon
  9961 | D:10     | Reached skill level 10 in Armour
  9976 | D:10     | Found a staircase to the Orcish Mines.
 10406 | D:10     | Identified the +5 bardiche of Moderation {flame, rF+} (Trog
                  | gifted it to you on level 10 of the Dungeon)
 10406 | D:10     | Received a gift from Trog
 10624 | D:10     | Noticed a two-headed ogre
 10630 | D:10     | Killed a two-headed ogre
 10636 | D:10     | Reached skill level 14 in Polearms
 10642 | D:10     | Noticed a two-headed ogre
 10649 | D:10     | Killed a two-headed ogre
 10677 | D:10     | Noticed a two-headed ogre
 10685 | D:10     | Killed a two-headed ogre
 10762 | D:10     | Reached skill level 5 in Shields
 10793 | D:10     | Noticed a two-headed ogre
 10799 | D:10     | Killed a two-headed ogre
 10800 | D:10     | Reached XP level 12. HP: 78/110 MP: 11/11
 10808 | D:10     | Noticed a two-headed ogre
 10812 | D:10     | Killed a two-headed ogre
 11057 | D:10     | Found a blossoming altar of Fedhas.
 11498 | D:11     | Reached skill level 15 in Polearms
 12163 | D:12     | Noticed Azrael
 12172 | D:12     | Killed Azrael
 12914 | D:12     | Noticed a boulder beetle
 12928 | D:12     | Killed a boulder beetle
 13171 | D:12     | Found a runed translucent door.
 13172 | D:12     | Noticed rageheart7's ghost (journeyman OgWn)
 13186 | D:12     | Identified the +8 spear of Division {flame, rC++ Str+6
                  | SInv}
 13986 | D:12     | Killed rageheart7's ghost
 13986 | D:12     | Received a gift from Trog
 13987 | D:12     | Reached skill level 16 in Polearms
 14126 | D:13     | Noticed a tengu warrior
 14131 | D:13     | Killed a tengu warrior
 14131 | D:13     | Noticed a tengu warrior
 14136 | D:13     | Killed a tengu warrior
 14137 | D:13     | Reached XP level 13. HP: 100/118 MP: 12/12
 14382 | D:13     | Found a frozen archway.
 14414 | IceCv    | Entered an ice cave
 14921 | IceCv    | Found an ancient bone altar of Kikubaaqudgha.
 15241 | IceCv    | Reached ****** piety under Trog
 15277 | IceCv    | Identified the Disquisition on Ice
 15416 | D:13     | Reached skill level 17 in Polearms
 15977 | D:13     | Received a gift from Trog
 16628 | Lair:1   | Entered Level 1 of the Lair of Beasts
 16911 | Lair:1   | Reached XP level 14. HP: 129/129 MP: 13/13
 17760 | Lair:2   | Identified the +9 trident "Efetian" {venom, Dex+4}
 17803 | Lair:2   | Reached skill level 10 in Shields
 17907 | Lair:2   | Received a gift from Trog
 17925 | Lair:2   | Reached skill level 18 in Polearms
 17996 | Lair:2   | Found a staircase to the Swamp.
 18411 | Lair:2   | Identified the +1 robe "Dasinube" {rC+ Dex+6}
 18754 | Lair:3   | Noticed Fannar
 18772 | Lair:3   | Killed Fannar
 18884 | Lair:3   | Received a gift from Trog
 19394 | Lair:3   | Noticed Rupert
 19397 | Lair:3   | Paralysed by Rupert for 4 turns
 19408 | Lair:3   | Killed Rupert
 19993 | Lair:4   | Found a gate leading to a gauntlet.
 20002 | Gauntlet | Entered a Gauntlet
 20002 | Gauntlet | Found a transporter.
 20013 | Gauntlet | Found a transporter.
 20033 | Gauntlet | Found a transporter.
 20037 | Gauntlet | Found a transporter.
 20064 | Gauntlet | Found a transporter.
 20080 | Gauntlet | Found a transporter.
 20083 | Gauntlet | Found the +7 great mace "Firestarter" {inner flame, rF++}
 20083 | Gauntlet | Noticed a balrug
 20087 | Gauntlet | Found a transporter.
 20091 | Gauntlet | Found a transporter.
 20114 | Gauntlet | Found a transporter.
 20152 | Gauntlet | Found a transporter.
 20152 | Gauntlet | Found a transporter.
 20161 | Gauntlet | Found a transporter.
 20401 | Gauntlet | Killed a balrug
 20413 | Gauntlet | Identified the +2 pair of gloves of the Trees {rC- Regen+
                  | Str+4}
 20608 | Lair:4   | Reached skill level 19 in Polearms
 20990 | Lair:4   | Found a staircase to the Snake Pit.
 21299 | Lair:4   | Acquired the ring of Coabo {rF+ EV+4 Str+2 Int+2}
 21495 | Lair:5   | Reached XP level 15. HP: 139/139 MP: 14/14
 21602 | Lair:5   | Found a runed translucent gate.
 21602 | Lair:5   | Found a runed translucent gate.
 21602 | Lair:5   | Found a runed translucent gate.
 21604 | Lair:5   | Noticed Iguulo's ghost (journeyman MiCj)
 21842 | Lair:5   | Found a viscous altar of Jiyva.
 21844 | Lair:5   | Found a staircase to the Slime Pits.
 21995 | Lair:5   | You are sucked into a shaft and drop 1 floor!
 21995 | Lair:6   | Entered Level 6 of the Lair of Beasts
 22021 | Lair:6   | Received a gift from Trog
 22545 | Lair:5   | Killed Iguulo's ghost
 22613 | Slime:1  | Entered Level 1 of the Pits of Slime
 22967 | Lair:6   | Reached skill level 15 in Fighting
 23126 | Lair:6   | Reached skill level 20 in Polearms
 23582 | Lair:6   | Reached skill level 15 in Armour
 23775 | Lair:6   | Acquired a manual of Polearms
 24014 | Orc:1    | Entered Level 1 of the Orcish Mines
 24234 | Orc:2    | Entered Level 2 of the Orcish Mines
 24234 | Orc:2    | Found Zeecau's General Store.
 24234 | Orc:2    | Noticed an orc warlord
 24270 | Orc:1    | Received a gift from Trog
 24272 | Orc:1    | Killed an orc warlord
 24272 | Orc:1    | HP: 10/211 [orc knight/+0 dire flail (27)]
 24274 | Orc:1    | Demolished by an orc knight

Illustrated notes

Levels and vault maps discovered:
D:1:      lightli_arrival_chessboard, layout_basic, chequers_mini_garden
D:2:      cheibrodos_greedy_goblins, layout_basic, uniq_terence
D:3:      minmay_thinvault, layout_basic, serial_undead, serial_undead_d,
          serial_undead_b, serial_undead_d, serial_undead_b
D:4:      layout_cave_pools
D:5:      layout_basic, overflow_temple_1_default,
          minmay_temple_entry_junction_2, grunt_decor_arrowhead, st_stairs_2
D:6:      cheibrodos_helix_gallery, layout_basic, basic_altar,
          hangedman_decor_peaks_small
D:7:      layout_basic, nicolae_overflow_crystal_walls,
          chequers_temple_overflow_statue_of_worship, nicolae_water_bricks,
          uniq_pikel, uniq_crazy_yiuf_cottage
D:8:      layout_layer_cave, nicolae_yredelemnul_corpse_copse, lair_entry_dummy,
          uniq_psyche, uniq_joseph, uniq_harold
D:9:      layout_gridville, ebering_ghost_gozag, uniq_erica
D:10:     layout_roguey, hiddenorc2_lemuel, basic_altar, serial_glass,
          glass_columns_a, glass_columns_a, glass_columns_a, glass_columns_c,
          onia_ninara_cookie
D:11:     layout_irregular_city
D:12:     layout_basic, ebering_ghost_funeral_grove, uniq_azrael
D:13:     layout_loops_ring, serial_aquarium, aquarium_bridge_square
          [aquarium_subvault_bridge, aquarium_subvault_window,
          aquarium_subvault_wall, aquarium_subvault_bridge], aquarium_window_1,
          aquarium_window_2, aquarium_window_1, aquarium_window_2,
          aquarium_view_2d, aquarium_view_2f, aquarium_balcony_1b,
          aquarium_pool_double, portal_ice_cave_entry_ice_beasts,
          glass_columns_c, drop_trap, minmay_misc_feat_nine_boxes,
          hangedman_cracks_in_the_wall
Lair:1:   layout_gridlike, beast_lair_carwin_1, grunt_megastairs_2
Lair:2:   nzn_winding_woodlands_three_and_one [nzn_winding_woodlands_5x15_twine,
          nzn_winding_woodlands_5x15_sawtooth,
          nzn_winding_woodlands_5x15_parted,
          nzn_winding_woodlands_center_garden], layout_chaotic_city,
          minmay_swamp_entry_swarm, infiniplex_staircase_pool
Lair:3:   layout_roguey, grunt_megastairs_5, uniq_rupert, uniq_fannar
Lair:4:   layout_regular_city, guppyfry_snake_entry_garden,
          gauntlet_entry_generic, chequers_serial_rivers_marsh,
          chequers_serial_rivers_room_b
Lair:5:   layout_small_grid, slime_altar_1, gammafunk_ghost_hydra_chop,
          beast_lair_carwin_9, serial_bayou_shore_a
Lair:6:   evilmike_catoblepas_cave, layout_regular_city
Slime:1:  layout_caves, cheibrodos_slime_lost_civilization_4
Orc:1:    layout_caves
Orc:2:    grunt_orc_gardens, layout_caves, grunt_orc_garden, grunt_orc_garden,
          grunt_orc_garden, grunt_orc_garden, basic_altar

Skill      XL: |  1  2  3  4  5  6  7  8  9 10 11 12 13 14 15 |
---------------+----------------------------------------------+-----
Polearms       | 4 5 6 8 9 11 12 14 16 17 19 20 | 20.1
Fighting       | 4 5 6 7 8 9 11 12 13 14 15 | 15.2
Armour         | 3 4 5 6 8 9 10 12 13 14 15 | 15.0
Dodging        | 3 4 5 6 7 8 |  8.8
Shields        | 5 7 9 11 12 | 12.4

Action                   |  1- 3 |  4- 6 |  7- 9 | 10-12 | 13-15 || total
-------------------------+-------+-------+-------+-------+-------++-------
Melee: Spear             |    63 |   194 |       |       |       ||   257
       Headbutt          |    10 |    33 |    30 |    81 |   315 ||   469
       Trident           |       |    53 |   181 |   414 |  1099 ||  1747
Invok: Berserk           |     1 |     2 |     4 |     3 |     7 ||    17
       Trog's Hand       |       |       |       |     1 |       ||     1
  Use: Scroll            |       |     9 |     7 |    12 |     8 ||    36
       Potion            |       |       |       |     2 |     4 ||     6
 Stab: Distracted        |       |       |     1 |     9 |     7 ||    17
       Petrified         |       |       |       |       |     1 ||     1
Armor: Animal skin       |     4 |       |       |       |       ||     4
       Chain mail        |       |   117 |    75 |    17 |       ||   209
       Plate armour      |       |       |       |   110 |   242 ||   352
Dodge: Dodged            |    34 |    77 |    42 |    90 |   276 ||   519
Block: Kite shield       |       |       |       |    95 |   376 ||   471

Table legend: (Time is in decaauts)
 A = Elapsed time spent in this place.
 B = Non-inter-level travel time spent in this place.
 C = Inter-level travel time spent in this place.
 D = Time resting spent in this place.
 E = Time spent auto-exploring this place.
 F = Levels seen in this place.
 G = Mean time per level.
                   A        B        C        D        E       F      G
               +--------+--------+--------+--------+--------+-----+--------+
         Total |  23939 |  22952 |    987 |   2676 |  17050 |  24 |  997.5 |
       Dungeon |  15640 |  14998 |    642 |   1780 |  11341 |  13 | 1203.1 |
          Lair |   6520 |   6188 |    332 |    720 |   4522 |   6 | 1086.7 |
    Slime Pits |      1 |      1 |      0 |      0 |      0 |   1 |    1.0 |
  Orcish Mines |    242 |    229 |     13 |      6 |    169 |   2 |  121.0 |
      Ice Cave |    946 |    946 |      0 |      0 |    705 |   1 |  946.0 |
      Gauntlet |    588 |    588 |      0 |    168 |    313 |   1 |  588.0 |
               +--------+--------+--------+--------+--------+-----+--------+

Top non-repeatable levels by time:
     D:5: 2164 daAuts
    D:12: 1941 daAuts
    D:13: 1383 daAuts
     D:8: 1287 daAuts
  Lair:3: 1261 daAuts
     D:9: 1248 daAuts
  Lair:6: 1202 daAuts
    D:10: 1196 daAuts
     D:1: 1128 daAuts
    D:11: 1098 daAuts
  Lair:5: 1079 daAuts
  Lair:2: 1035 daAuts
     D:7: 1007 daAuts
  Lair:1: 994 daAuts
  Lair:4: 947 daAuts
